 Dungeon Crawl Stone Soup version 0.29-a0-870-g2c972031a6 (webtiles) character file.

Game seed: 3790454410284325392

145 reriks the Shooter (level 5, -7/27 HPs)
             Began as a Spriggan Hunter on July 17, 2022.
             Was an Initiate of Fedhas.
             Killed by divine providence
             ... invoked by an orc priest
              (10 damage)
             ... on level 3 of the Dungeon.
             The game lasted 00:04:24 (4138 turns).

reriks the Shooter (Spriggan Hunter)                Turns: 4138, Time: 00:04:25

Health: -7/27      AC:  2    Str:  9    XL:     5   Next: 6%
Magic:  6/6        EV: 19    Int: 11    God:    Fedhas [......]
Gold:   78         SH:  0    Dex: 18    Spells: 4/4 levels left

rFire   . . .      SeeInvis +   a - +0 shortbow
rCold   . . .      Faith    .   (shield currently unavailable)
rNeg    . . .      Spirit   .   c - +0 robe
rPois   .          Reflect  .   (helmet restricted)
rElec   .          Harm     .   (no cloak)
rCorr   .          Rampage  .   (gloves unavailable)
Will    .....                   (boots unavailable)
Stlth   +++.......              (no amulet)
HPRegen 0.09/turn               (no ring)
MPRegen 0.10/turn               (no ring)

@: very quick
A: very small, no large weapons, unfitting armour, see invisible, speed 3
a: Renounce Religion


You were on level 3 of the Dungeon.
You worshipped Fedhas.
Fedhas was noncommittal.
You visited 1 branch of the dungeon, and saw 3 of its levels.

You collected 78 gold pieces.

Inventory:

Hand Weapons
 a - a +0 shortbow (weapon)
 d - the +5 dagger of Honour {drain, Will+ Str+4}
   (You found it on level 2 of the Dungeon)

   A truly terrible weapon, it drains the life of any living foe it strikes.
   Str:       It affects your strength (+4).
   Will:      It increases your willpower.
Armour
 c - a +0 robe (worn)
Scrolls
 b - a scroll of immolation
 e - 2 scrolls of enchant armour {unknown}
 f - a scroll of vulnerability {unknown}
 j - a scroll of identify {unknown}
 k - 2 scrolls of fog {unknown}
 l - a scroll of poison {unknown}
Potions
 g - 2 potions of curing {unknown}
 h - a potion of might {unknown}
 i - 3 potions of mutation {unknown}
 m - a potion of ambrosia {unknown}


   Skills:
 + Level 2.5 Fighting
 + Level 4.6 Ranged Weapons
 + Level 4.2 Dodging
 + Level 4.0 Stealth


You had 4 spell levels left.
You didn't know any spells.
Your spell library was empty.

Dungeon Overview and Level Annotations

Branches:
Dungeon (3/15)

Altars:
Fedhas

Shops:
D:1 !


Innate Abilities, Weirdness & Mutations

You are very small and have problems with some larger weapons.
You are too small for most types of armour.
You have supernaturally acute eyesight. (SInv)
You cover ground extremely quickly. (Speed+++)


Message History

HP restored.
You climb downwards.
There is a stone staircase leading up, spattered with blood here.
You shoot an arrow. The endoplasm quivers.
The arrow hits the orc priest.
The orc priest is lightly wounded.
The orc priest closely misses you.
You shoot an arrow. The arrow hits the orc priest.
The orc priest is heavily wounded.
The orc priest closely misses you.
You shoot an arrow.
The arrow closely misses the orc priest.
The orc priest calls down the wrath of Beogh upon you.
You resist with significant effort.
You shoot an arrow. The arrow hits the orc priest.
The orc priest is heavily wounded.
The orc priest invokes the aid of Beogh against you.
Beogh smites you!
Ouch! That really hurt!
You are too injured to fight recklessly!
You are too injured to fight recklessly!
Fire: a) +0 shortbow
Press: ? - help, Q - select action Shift-Dir - straight line, f/p - orc priest
Aim: an orc priest, wielding a +0 flail and wearing a +0 ring mail (heavily wounded, 68% to hit)
You shoot an arrow. The arrow hits the orc priest.
The orc priest is severely wounded.
The orc priest barely misses you.
The orc priest calls down the wrath of Beogh upon you.
Beogh smites you!
* * * LOW HITPOINT WARNING * * *
Fire: a) +0 shortbow
Press: ? - help, Q - select action Shift-Dir - straight line, f/p - orc priest
Aim: an orc priest, wielding a +0 flail and wearing a +0 ring mail (severely wounded, 68% to hit)
You shoot an arrow. The arrow hits the orc priest.
The orc priest is almost dead.
The orc priest invokes the aid of Beogh against you.
Beogh smites you!
You die...
Fedhas appreciates your contribution to the ecosystem.

#.. #.#
#.# #.#
#.# #>#
#.# #.#
#@#
##o..[)..
...:...
...####
####


You could see an orc priest.

Vanquished Creatures
  4 gnolls (D:2)
  3 adders (D:2)
  A worm (D:2)
  3 dart slugs
  4 orcs
  5 ball pythons
  4 bats
  6 endoplasms (D:1)
  6 giant cockroaches
  3 goblins
  7 hobgoblins
  2 jackals (D:2)
  5 kobolds
  3 quokkas (D:1)
  3 frilled lizards
  3 rats
62 creatures vanquished.

Vanquished Creatures (others)
  A kobold (D:2)
  2 plants (D:1)
3 creatures vanquished.

Grand Total: 65 creatures vanquished

Notes
Turn   | Place    | Note
-------+----------+-------------------------------------------
     0 | D:1      | reriks the Spriggan Hunter began the quest for the Orb.
     0 | D:1      | Reached XP level 1. HP: 10/10 MP: 2/2
   135 | D:1      | Found Kooriojo's Distillery.
   161 | D:1      | You fall into a shaft and drop 1 floor!
   173 | D:2      | Identified the +5 dagger of Honour {drain, Will+ Str+4}
   243 | D:1      | Reached XP level 2. HP: 15/15 MP: 3/3
   712 | D:1      | Reached XP level 3. HP: 14/18 MP: 4/4
  2214 | D:2      | Reached XP level 4. HP: 23/23 MP: 5/5
  2615 | D:2      | Identified the +0 leather armour of Pragmatism {Fly Int+4
                  | Stlth-}
  3571 | D:2      | Found a blossoming altar of Fedhas.
  3655 | D:2      | Became a worshipper of Fedhas Madash
  3829 | D:2      | Reached XP level 5. HP: 26/27 MP: 6/6
  4138 | D:3      | Killed from afar by an orc priest

Illustrated notes

Levels and vault maps discovered:
D:1:      eino_arrival_tree_alley, layout_loops_ring, serial_shops,
          nicolae_square_shop, supply_closet_lemuel, minmay_heptomino_l4
D:2:      layout_loops_ring, basic_altar, chequers_mini_garden,
          lemuel_old_faithful
D:3:      layout_basic, lemuel_coloured_pillars_altar,
          nicolae_uskayaw_murder_on_the_dancefloor,
          chequers_serial_rivers_room_b

Skill      XL: |  1  2  3  4  5 |
---------------+----------------+-----
Stealth        | 2 3 4 |  4.0
Dodging        | 3 4 |  4.2
Fighting       | 2 |  2.5
Ranged Weapons | |  4.6

Action                   |  1- 3 |  4- 6 || total
-------------------------+-------+-------++-------
 Fire: Shortbow          |   107 |   101 ||   208
Armor: Robe              |     3 |       ||     3
Dodge: Dodged            |    27 |    25 ||    52

Table legend: (Time is in decaauts)
 A = Elapsed time spent in this place.
 B = Non-inter-level travel time spent in this place.
 C = Inter-level travel time spent in this place.
 D = Time resting spent in this place.
 E = Time spent auto-exploring this place.
 F = Levels seen in this place.
 G = Mean time per level.
                   A        B        C        D        E       F      G
               +--------+--------+--------+--------+--------+-----+--------+
         Total |   3536 |   3503 |     33 |   2227 |    777 |   3 | 1178.7 |
       Dungeon |   3536 |   3503 |     33 |   2227 |    777 |   3 | 1178.7 |
               +--------+--------+--------+--------+--------+-----+--------+

Top non-repeatable levels by time:
     D:2: 2342 daAuts
     D:1: 1159 daAuts
     D:3: 34 daAuts
